 Dungeon Crawl Stone Soup version 0.29.1-2-gbd0b4ee654 (webtiles) character file.

Game seed: 15852274230111336813

84 raph the Firebug (level 4, -2/24 HPs)
             Began as a Deep Elf Fire Elementalist on Nov 23, 2022.
             Slain by an orc
             ... wielding a +0 hand axe
              (6 damage)
             ... on level 3 of the Dungeon.
             The game lasted 00:03:26 (2051 turns).

raph the Firebug (Deep Elf Fire Elementalist)       Turns: 2051, Time: 00:03:27

Health: -2/24      AC:  4    Str: 11    XL:     4   Next: 23%
Magic:  13/19      EV: 12    Int: 22    God:
Gold:   72         SH:  0    Dex: 15    Spells: 3/9 levels left

rFire   . . .      SeeInvis .   h - +0 long sword
rCold   . . .      Faith    .   (no shield)
rNeg    . . .      Spirit   .   a - +0 robe
rPois   .          Reflect  .   p - +0 helmet
rElec   .          Harm     .   m - +0 cloak
rCorr   .          Rampage  .   (no gloves)
Will    .....                   (no boots)
Stlth   ++........              (no amulet)
HPRegen 0.08/turn               g - ring of magical power
MPRegen 0.16/turn               k - +6 ring of strength

@: no status effects
A: no striking features
a: no special abilities


You were on level 3 of the Dungeon.
You visited 1 branch of the dungeon, and saw 3 of its levels.

You collected 72 gold pieces.

Inventory:

Hand Weapons
 d - a +0 short sword
 h - a +0 long sword (weapon)
Armour
 a - a +0 robe (worn)
 m - a +0 cloak (worn)
 p - a +0 helmet (worn)
Jewellery
 g - a ring of magical power (left hand)
 k - a +6 ring of strength (right hand)
Scrolls
 c - 2 scrolls of enchant weapon {unknown}
 e - a scroll of silence {unknown}
 j - a scroll of immolation {unknown}
 l - 2 scrolls of identify {unknown}
Potions
 b - a potion of magic
 f - a potion of heal wounds {unknown}
 i - a potion of resistance {unknown}
 n - a potion of attraction {unknown}
 o - a potion of mutation {unknown}
 q - a potion of flight {unknown}


   Skills:
 - Level 2.4 Dodging
 - Level 2.4 Stealth
 - Level 3.0 Spellcasting
 - Level 1.1 Conjurations
 + Level 5.6 Fire Magic


You had 3 spell levels left.
You knew the following spells:

 Your Spells              Type           Power      Damage    Failure   Level
a - Foxfire               Conj/Fire      72%        2x1d7     3%          1
b - Scorch                Fire           56%        2d7       1%          2
c - Conjure Flame         Conj/Fire      18%        6-21      10%         3

Your spell library contained the following spells:

 Spells                   Type           Power      Damage    Failure   Level
 Apportation              Tloc           6%         N/A       12%         1
 Necrotise                Necr           12%        1d4       12%         1
 Summon Small Mammal      Summ           12%        N/A       12%         1
 Inner Flame              Hex/Fire       15%        N/A       12%         3
 Flame Wave               Conj/Fire      18%        2d7       30%         4


Dungeon Overview and Level Annotations

Branches:
Dungeon (3/15)

Altars:
Nemelex Xobeh


Message History

The orc is severely wounded.
The orc wizard mumbles some strange words.
The orc wizard flickers and vanishes!
Deactivating autopickup; reactivate with Ctrl-A.
Casting: Foxfire (safe; 3% risk of failure)
Confirm with . or Enter, or press ? or * to list all spells.
You conjure some foxfire!
The foxfire hits something.
The foxfire hits the orc.
The orc is moderately wounded.
The foxfire hits the orc.
The orc is severely wounded.
Casting: Foxfire (safe; 3% risk of failure)
Confirm with . or Enter, or press ? or * to list all spells.
You conjure some foxfire!
The foxfire hits something.
You hear some strange, mumbled words.
You are confused.
You're too confused to cast spells.
Sorry, you're not good enough to have a special ability.
You're too confused to cast spells.
Unknown command.
You're too confused to move!
The foxfire hits something. x2
Something hits you but does no damage. The orc barely misses you.
The orc hits you with a +0 hand axe. The orc hits you but does no damage.
You closely miss the orc.
The orc is severely wounded.
Something hits you but does no damage. The orc closely misses you.
The orc hits you with a +0 hand axe.
You barely miss the orc.
The orc is severely wounded.
Something hits you. The orc hits you with a +0 hand axe.
* * * LOW HITPOINT WARNING * * *
The orc closely misses you. The orc attacks as you move away!
The orc hits you with a +0 hand axe.
* * * LOW HITPOINT WARNING * * *
Okay, then.
You bump into the rock wall.
You feel less confused. Something hits you.
* * * LOW HITPOINT WARNING * * *
The orc hits you but does no damage. The orc hits you with a +0 hand axe.
You die...

........#?# ....
........#.####...#
...>...........#.#
.................#
#####[)..........###
##...##.8)...........
#⌠....##...........##
#.._...##...oo.......
#⌠......##..{@..#.##
.##.......#..###.#
#>..#####.).'..### #
#.......##..#..<.#.#.
##......⌠#.##........
.##..._..###.........
..##....⌠##......#.#.
.8.##...##.8..####.#
....#####......## #


You could see 2 orcs.

Vanquished Creatures
  Robin (D:2)
  An adder (D:2)
  2 orcs (D:3)
  6 endoplasms
  3 giant cockroaches
  14 goblins
  6 hobgoblins
  A quokka (D:2)
  2 ball pythons (D:1)
  4 bats
  7 frilled lizards
  8 kobolds
  4 rats
59 creatures vanquished.

Vanquished Creatures (others)
  93 foxfires
93 creatures vanquished.

Grand Total: 152 creatures vanquished

Notes
Turn   | Place    | Note
-------+----------+-------------------------------------------
     0 | D:1      | raph the Deep Elf Fire Elementalist began the quest for the
                  | Orb.
     0 | D:1      | Reached XP level 1. HP: 10/10 MP: 6/6
   104 | D:1      | Found a faded altar of an unknown god.
   340 | D:1      | Reached XP level 2. HP: 15/15 MP: 5/8
   342 | D:1      | Reached skill level 4 in Fire Magic
   387 | D:1      | Learned a level 2 spell: Scorch
   810 | D:2      | Reached XP level 3. HP: 19/19 MP: 9/9
   814 | D:2      | Learned a level 3 spell: Conjure Flame
  1072 | D:2      | Reached skill level 5 in Fire Magic
  1701 | D:2      | Noticed Robin
  1705 | D:2      | Killed Robin
  1706 | D:2      | Reached XP level 4. HP: 24/24 MP: 10/10
  2008 | D:3      | Found a faded altar of an unknown god.
  2014 | D:3      | Found a sparkling altar of Nemelex Xobeh.
  2051 | D:3      | Slain by an orc

Illustrated notes

Levels and vault maps discovered:
D:1:      elethiomel_arrival_shortcut, layout_rooms,
          dreamdust_ecumenical_altar_statues, minmay_hexomino_p4
D:2:      layout_loops_ring, uniq_robin
D:3:      layout_rooms, nicolae_overflow_ecumenical_swirl, uniq_terence

Skill      XL: |  1  2  3 |
---------------+----------+-----
Fire Magic     | 4 5 |  5.6
Dodging        | |  2.4
Stealth        | |  2.4
Spellcasting   | |  3.0
Conjurations   | |  1.1

Action                   |  1- 3 |  4- 6 || total
-------------------------+-------+-------++-------
Melee: Long sword        |     6 |     3 ||     9
 Cast: Foxfire           |    50 |     8 ||    58
       Scorch            |    17 |     2 ||    19
Armor: Robe              |     6 |     5 ||    11
Dodge: Dodged            |    20 |     4 ||    24
